 Dungeon Crawl Stone Soup version 0.31-a0-210-gccc998df9b (webtiles) character file.

Game seed: 5163067954738212202

42 qw the Shooter (level 3, -7/21 HPs)
             Began as a Gargoyle Hexslinger on June 29, 2023.
             Mangled by a gnoll
             ... wielding a +0 halberd
              (12 damage)
             ... on level 2 of the Dungeon.
             The game lasted 00:00:14 (1070 turns).

qw the Shooter (Gargoyle Hexslinger)                Turns: 1070, Time: 00:00:15

Health: -7/21      AC:  5    Str: 11    XL:     3   Next: 54%
Magic:  4/4        EV: 12    Int: 13    God:
Gold:   19         SH:  0    Dex: 14    Spells: 3/4 levels left

rFire   . . .        Y - +1 sling (freeze)
rCold   . . .        (no shield)
rNeg    + . .        c - +0 robe
rPois   inf          (no helmet)
rElec   +            (no cloak)
rCorr   .            (no gloves)
SInv    .            (no boots)
Will    .....        (no amulet)
Stlth   +            (no ring)
HPRegen 0.23/turn    (no ring)
MPRegen 0.09/turn

%: no passive effects
@: no status effects
A: sickness immunity, AC +3, negative energy resistance 1, electricity
resistance, torment resistance 1, petrification resistance
a: no special abilities


You were on level 2 of the Dungeon.
You visited 1 branch of the dungeon, and saw 2 of its levels.

You collected 19 gold pieces.


Innate Abilities, Weirdness & Mutations

You are immune to sickness and miasma.
Your stone body is resilient. (AC +3)
You are immune to poison.
You resist negative energy. (rN+)
You are resistant to electric shocks. (rElec)
You are resistant to unholy torment.
You are immune to petrification.


   Skills:
 - Level 2.2 Fighting
 + Level 3.3 Ranged Weapons
 - Level 1.5 Dodging
 - Level 1.0 Spellcasting
 - Level 2.6 Hexes


You had 3 spell levels left.
You knew the following spells:

 Your Spells              Type           Power      Damage    Failure   Level
a - Slow                  Hex            28%        N/A       10%         1

Your spell library contained the following spells:

 Spells                   Type           Power      Damage    Failure   Level
 Inner Flame              Hex/Fire       4%         N/A       43%         3
 Portal Projectile        Hex/Tloc       8%         N/A       43%         3
 Cause Fear               Hex            3%         N/A       67%         4

Inventory:

Hand Weapons
 Y - a +1 sling of freezing (weapon)
Armour
 c - a +0 robe (worn)
Scrolls
 a - 3 scrolls of teleportation {unknown}
 b - a scroll of noise {unknown}
 e - 4 scrolls of identify
 f - a scroll of fear {unknown}
Potions
 d - a potion of attraction {unknown}

Dungeon Overview and Level Annotations

Branches:
Dungeon (2/15)

Altars:


Message History

The sling bullet closely misses the gnoll.
The frilled lizard hisses angrily.
The gnoll shouts!
The sling bullet hits the gnoll but does no damage.
You hear an angry hiss.
An adder comes into view.
You shoot a sling bullet.
The sling bullet barely misses the gnoll.
The sling bullet hits the gnoll!
The sling bullet freezes the gnoll.
The gnoll is almost dead.
The gnoll misses you.
You shoot a sling bullet. The sling bullet hits the gnoll.
The sling bullet freezes the gnoll.
The gnoll is heavily wounded.
The gnoll hits you from afar with a +3 spear.
The gnoll hits you from afar with a +3 spear!
You shoot a sling bullet. The sling bullet hits the gnoll.
The sling bullet freezes the gnoll.
You kill the gnoll!
The gnoll closely misses you.
Your Fighting skill increases to level 2!
You have reached level 3!
Your experience leads to an increase in your attributes!
Increase (S)trength, (I)ntelligence, or (D)exterity?
You feel agile. x2
You shoot a sling bullet. The sling bullet hits the gnoll.
The sling bullet freezes the gnoll.
You kill the gnoll!
The gnoll barely misses you.
You shoot a sling bullet. The sling bullet hits the gnoll!
The sling bullet freezes the gnoll.
The gnoll is severely wounded.
The gnoll barely misses you.
You shoot a sling bullet.
The sling bullet barely misses the gnoll.
The sling bullet barely misses the adder.
The sling bullet completely misses the frilled lizard.
The rat bites you. The gnoll hits you with a +0 club.
The gnoll hits you from afar with a +0 halberd!
Ouch! That really hurt!
You die...

#.## ###..#..........
># ... #.).#........<##
...##.###.##..(...###.#
...#..............# #.#
.........###......# #.#
#............#..####>#
#..lS).#...###.####..#
..#.ggr....##........#
# #...@.........####.##
........)........# #..#
..##....######...# ##..
... #.##.. #...# ###
#.#..# ..... #.. #...#
#.#..# .<.. ...# #...##
#.#..# #..
..###+##.......###
#.#..# #.# #.#...#
....... #.#..# #.# ....
......#


You could see 2 gnolls, an adder, a frilled lizard and a rat.

Vanquished Creatures
  2 gnolls (D:2)
  A worm (D:2)
  A dart slug (D:1)
  2 ball pythons
  5 endoplasms
  A goblin (D:2)
  A hobgoblin (D:2)
  A kobold (D:2)
  A quokka (D:1)
  A frilled lizard (D:1)
  A rat (D:2)
17 creatures vanquished.

Notes
Turn   | Place    | Note
-------+----------+-------------------------------------------
     0 | D:1      | qw the Gargoyle Hexslinger began the quest for the Orb.
     0 | D:1      | Reached XP level 1. HP: 12/12 MP: 2/2
     0 | D:1      | 0 ||| qw: Version: 0.3-a-24-ga2abf7b
     0 | D:1      | 0 ||| qw: Game counter: 7014
     0 | D:1      | 0 ||| qw: Melee chars always use a shield: true
     0 | D:1      | 0 ||| qw: God list: Okawaru
     0 | D:1      | 0 ||| qw: Allow faded altars: false
     0 | D:1      | 0 ||| qw: Do Orc after clearing Dungeon:15 true
     0 | D:1      | 0 ||| qw: Do second Lair branch before Depths: true
     0 | D:1      | 0 ||| qw: Lair rune preference: random
     0 | D:1      | 0 ||| qw: Goals: Normal
     0 | D:1      | 0 ||| PLANNING D:1-11
   354 | D:1      | Reached XP level 2. HP: 16/16 MP: 3/3
   704 | D:1      | Found a faded altar of an unknown god.
   712 | D:1      | 712 ||| READING scroll labelled YTETER LEGG.
   713 | D:1      | 713 ||| READING scroll labelled HECUPT HICHOC.
   714 | D:1      | 714 ||| READING scroll labelled HUSAKU GYXEBBUYK.
   715 | D:1      | 715 ||| READING scroll labelled JAOS ZOFUWUQU.
   816 | D:1      | 816 ||| DROPPING scroll of poison.
   870 | D:2      | Reached skill level 3 in Ranged Weapons
  1068 | D:2      | Reached XP level 3. HP: 8/21 MP: 4/4
  1070 | D:2      | HP: 5/21 [gnoll/+0 club (3)]
  1070 | D:2      | Mangled by a gnoll

Levels and vault maps discovered:
D:1:      minmay_arrival_four_loops, layout_basic,
          shapermc_ecumenical_altar_flowoftime
D:2:      layout_rooms, eino_tiny_chamber, uniq_crazy_yiuf_cottage

Skill      XL: |  1  2 |
---------------+-------+-----
Ranged Weapons | 3 |  3.3
Fighting       | 2 |  2.2
Dodging        | |  1.5
Spellcasting   | |  1.0
Hexes          | |  2.6

Action                     || total
---------------------------++-------
   Fire: Sling             ||    45
    Use: Scroll            ||     4
 Armour: Robe              ||     4
  Dodge: Dodged            ||     8

Table legend:
 A = Non-vault XP
 B = Vault XP
 C = Vault XP percentage of total XP
 D = Non-vault monster count
 E = Vault monster count
 F = Vault count percentage of total count
                 A         B        C        D         E       F
            +---------+---------+-------+---------+---------+-------
      Total |      60 |       0 |   0.0 |      17 |       0 |   0.0
            +---------+---------+-------+---------+---------+-------
        D:1 |      13 |       0 |   0.0 |       6 |       0 |   0.0
        D:2 |      47 |       0 |   0.0 |      11 |       0 |   0.0
            +---------+---------+-------+---------+---------+-------
